 Dungeon Crawl Stone Soup version 0.30.0-29-ga12c61a403 (webtiles) character file.

Game seed: 5545112589371720784

34 qw the Chopper (level 3, -2/23 HPs)
             Began as a Gargoyle Fighter on June 3, 2023.
             Killed from afar by Sigmund (6 damage)
             ... with a puff of flame
             ... on level 2 of the Dungeon.
             The game lasted 00:00:27 (586 turns).

qw the Chopper (Gargoyle Fighter)                    Turns: 586, Time: 00:00:28

Health: -2/23      AC: 11    Str: 21    XL:     3   Next: 31%
Magic:  3/3        EV:  6    Int:  8    God:
Gold:   55         SH:  4    Dex:  9    Spells: 2/2 levels left

rFire   . . .        Y - +1 war axe
rCold   . . .        c - +0 buckler
rNeg    + . .        b - +0 scale mail
rPois   inf          i - +0 helmet
rElec   +            (no cloak)
rCorr   .            (no gloves)
SInv    .            (no boots)
Will    .....        (no amulet) Stlth
                     (no ring)
HPRegen 0.23/turn    (no ring)
MPRegen 0.08/turn

%: no passive effects
@: constricted
A: sickness immunity, AC +3, negative energy resistance 1, electricity
resistance, torment resistance 1, petrification resistance
a: no special abilities


You were on level 2 of the Dungeon.
You visited 1 branch of the dungeon, and saw 2 of its levels.

You collected 55 gold pieces.


Innate Abilities, Weirdness & Mutations

You are immune to sickness and miasma.
Your stone body is resilient. (AC +3)
You are immune to poison.
You resist negative energy. (rN+)
You are resistant to electric shocks. (rElec)
You are resistant to unholy torment.
You are immune to petrification.


   Skills:
 - Level 3.2 Fighting
 + Level 3.3 Axes
 - Level 3.2 Armour
 - Level 3.2 Shields


You had 2 spell levels left.
You didn't know any spells.
Your spell library was empty.

Inventory:

Hand Weapons
 o - a +0 club
 Y - a +1 war axe (weapon)
Armour
 b - a +0 scale mail (worn)
 c - a +0 buckler (worn)
 i - a +0 helmet (worn)
Potions
 a - 2 potions of brilliance
 d - a potion of might
 f - a potion of ambrosia {unknown}
 n - a potion of haste {unknown}

Dungeon Overview and Level Annotations

Branches:
Dungeon (2/15)

Altars:

Annotations:
D:2 Sigmund


Message History

The ball python bites you but does no damage.
The ball python grabs you. The ball python constricts you.
There is a stone staircase leading down here.
You barely miss the ball python. You hit the giant cockroach.
You kill the giant cockroach!
The ball python barely misses you. The ball python constricts you.
Sigmund hits you from afar with a +0 scythe.
You hit the ball python.
The ball python is moderately wounded.
The ball python bites you but does no damage.
The ball python constricts you. The ball python barely misses you.
The ball python constricts you. Sigmund gestures at you while chanting.
The magic dart hits you.
You hit the ball python.
The ball python is severely wounded.
The ball python bites you but does no damage.
The ball python constricts you.
Sigmund hits you from afar with a +0 scythe.
You closely miss the ball python.
The ball python is severely wounded.
The ball python bites you but does no damage.
The ball python constricts you.
The ball python bites you but does no damage.
The ball python constricts you.
Sigmund gestures wildly while chanting.
Sigmund flickers and vanishes!
Deactivating autopickup; reactivate with Ctrl-A.
You barely miss the ball python.
The ball python is severely wounded.
The ball python bites you but does no damage.
The ball python constricts you. Something hits you!
You block the ball python's attack. The ball python constricts you.
You barely miss the ball python.
The ball python is severely wounded.
The ball python completely misses you. The ball python constricts you.
You hear some strange, mumbled words.
A puff of flame appears from out of thin air!
The puff of flame hits you.
You die...

#.....## ###
#########.....###...#
##...#......##........
#.........#...).##....
$...........##.## #.
...........###.#
...........#...#
>....{.....#.####
....#%@........# #
###S######..... #..#
#### #..## ...# b.##
... ..


You could see a ball python.

Vanquished Creatures
  An adder (D:2)
  A dart slug (D:1)
  2 ball pythons (D:1)
  An endoplasm (D:1)
  2 giant cockroaches
  4 hobgoblins
  A quokka (D:2)
  3 bats
  A frilled lizard (D:1)
  3 kobolds (D:1)
  3 rats (D:1)
22 creatures vanquished.

Notes
Turn   | Place    | Note
-------+----------+-------------------------------------------
     0 | D:1      | qw the Gargoyle Fighter began the quest for the Orb.
     0 | D:1      | Reached XP level 1. HP: 14/14 MP: 1/1
     0 | D:1      | 0 ||| qw: Version: 0.2-a-103-g5a998e5
     0 | D:1      | 0 ||| qw: Game counter: 973
     0 | D:1      | 0 ||| qw: Always use a shield: true
     0 | D:1      | 0 ||| qw: God list: Okawaru
     0 | D:1      | 0 ||| qw: Allow faded altars: false
     0 | D:1      | 0 ||| qw: Do Orc after D:15 true
     0 | D:1      | 0 ||| qw: Do second Lair branch before Depths: true
     0 | D:1      | 0 ||| qw: Lair rune preference: random
     0 | D:1      | 0 ||| qw: Plans: Normal, Zot:1-4, Slime:5, God:TSO, Crypt,
                  | Tomb, Pan, Hells, Abyss, Win
     0 | D:1      | 0 ||| PLANNING D:1-11
    97 | D:1      | Reached XP level 2. HP: 12/19 MP: 2/2
   102 | D:1      | 102 ||| FLEEEEING.
   103 | D:1      | 103 ||| FLEEEEING.
   104 | D:1      | 104 ||| FLEEEEING.
   489 | D:1      | 489 ||| UPGRADING to +0 helmet.
   494 | D:1      | 494 ||| DROPPING ring of magical power.
   495 | D:1      | 495 ||| READING scroll labelled DYIR JEXEOGYE.
   496 | D:1      | 496 ||| READING scroll labelled FENESA VIGUY.
   497 | D:1      | 497 ||| READING scroll labelled QAEGUNAZIPAME.
   498 | D:1      | 498 ||| READING scroll labelled SOHAXK VIEPP.
   499 | D:1      | 499 ||| READING scroll labelled POANER ASAETH.
   500 | D:1      | 500 ||| DRINKING 2 emerald potions.
   501 | D:1      | 501 ||| DROPPING potion of flight.
   530 | D:2      | Reached skill level 3 in Axes
   553 | D:2      | Reached XP level 3. HP: 22/23 MP: 3/3
   578 | D:2      | Noticed Sigmund
   579 | D:2      | 579 ||| Stepping ~*~*~tactically~*~*~ (stealth).
   580 | D:2      | 580 ||| Stepping ~*~*~tactically~*~*~ (hiding).
   585 | D:2      | HP: 4/23 [something (9)]
   586 | D:2      | Killed from afar by Sigmund

Levels and vault maps discovered:
D:1:      ldierk_walled_garden, layout_rooms
D:2:      layout_rooms, uniq_sigmund

Skill      XL: |  1  2 |
---------------+-------+-----
Axes           | 2 3 |  3.3
Fighting       | |  3.2
Armour         | |  3.2
Shields        | |  3.2

Action                     || total
---------------------------++-------
  Melee: War axe           ||    59
    Use: Scroll            ||     5
         Potion            ||     1
 Armour: Scale mail        ||    34
  Dodge: Dodged            ||    24
  Block: Buckler           ||     9

Table legend:
 A = Non-vault XP
 B = Vault XP
 C = Vault XP percentage of total XP
 D = Non-vault monster count
 E = Vault monster count
 F = Vault count percentage of total count
                 A         B        C        D         E       F
            +---------+---------+-------+---------+---------+-------
      Total |      49 |       0 |   0.0 |      22 |       0 |   0.0
            +---------+---------+-------+---------+---------+-------
        D:1 |      28 |       0 |   0.0 |      17 |       0 |   0.0
        D:2 |      21 |       0 |   0.0 |       5 |       0 |   0.0
            +---------+---------+-------+---------+---------+-------
